AoeStats
← ricky102603

Arabia

510744968Analyzed
1v1 RM · 21h ago on Oct 2, 2026· 32m 18s· 2 players
Game mode
Random Map
Map size
Tiny (2 player)
Population
200
Speed
Normal
Resources
Standard
Victory
Conquest
Starting age
Dark Age
Ending age
Imperial Age
RankedLock teamsTeams togetherTeam positionsShared explorationLock speedFull tech treeHidden civsTurbo modeCheats
Victory
Defeat
🇨🇱 Aztecs · Chile
1010
+15
🇹🇼 Ethiopians · Taiwan
984
-15
ricky102603
6:50 Loom
9:19 Feudal Age
14:32 Fletching
21:31 Castle Age
20:18 Padded Archer Armor
20:06 Double-Bit Axe
20:44 Gold Mining
21:38 Crossbowman
27:06 Bodkin Arrow
27:42 Leather Archer Armor
CUZMAR91
10:25 Feudal Age
8:41 Loom
11:43 Wheelbarrow
10:54 Man-at-Arms
15:31 Padded Archer Armor
15:32 Scale Mail Armor
17:33 Scale Mail Armor
18:54 Town Watch
21:10 Fletching
21:10 Arson
26:12 Castle Age
25:26 Double-Bit Axe
25:42 Horse Collar
25:55 Gold Mining
26:15 Elite Skirmisher
26:25 Eagle Warrior
28:31 Leather Archer Armor
31:08 Hand Cart
31:23 Squires
Connection lost

Rejoining the realm…

Still unreachable

The connection could not be restored.

Session expired

The server has moved on; the page needs a fresh start.